 Dungeon Crawl Stone Soup version 0.31-a0-1074-g0b22e4e0f1 (webtiles) character file.

Game seed: 12397428839295235471

46 backslashecho the Trooper (level 3, -1/29 HPs)
             Began as a Mummy Fighter on Dec 7, 2023.
             Killed from afar by Natasha (9 damage)
             ... with a magic dart
             ... on level 2 of the Dungeon.
             The game lasted 00:01:58 (1181 turns).

backslashecho the Trooper (Mummy Fighter)           Turns: 1181, Time: 00:01:58

Health: -1/29      AC:  6    Str: 21    XL:     3   Next: 44%
Magic:  3/3        EV:  9    Int:  7    God:
Gold:   81         SH:  4    Dex: 11    Spells: 2/2 levels left

rFire   x . .        a - +0 war axe
rCold   + . .        c - +0 buckler
rNeg    + + +        b - +0 scale mail
rPois   ∞            (no helmet)
rElec   .            (no cloak)
rCorr   .            (no gloves)
SInv    .            (no boots)
Will    .....        (no amulet) Stlth
                     (no ring)
HPRegen 0.24/turn    (no ring)
MPRegen 0.08/turn

%: faith
@: slowed, very slow
A: cold resistance 1, negative energy resistance 3, torment resistance 2, heat
vulnerability 1, in touch with death 1, no potions, faith
a: no special abilities


You were on level 2 of the Dungeon.
You visited 1 branch of the dungeon, and saw 2 of its levels.

You collected 81 gold pieces.

Inventory:

Hand Weapons
 a - a +0 war axe (weapon)
Missiles
 h - 6 poisoned darts
Armour
 b - a +0 scale mail (worn)
 c - a +0 buckler (worn)
Jewellery
 k - a ring of fire
Scrolls
 d - 3 scrolls of teleportation {unknown}
 e - a scroll of identify {unknown}
 f - a scroll of brand weapon {unknown}
 g - a scroll of enchant armour {unknown}
 i - a scroll of amnesia {unknown}
 j - a scroll of fear {unknown}
 l - a scroll of summoning {unknown}


   Skills:
 + Level 3.4 Fighting
 * Level 2.5 Axes
 - Level 2.4 Armour
 + Level 2.7 Shields


You had 2 spell levels left.
You didn't know any spells.
Your spell library contained the following spells:

 Spells                   Type           Power      Damage    Failure   Level
 Summon Hydra             Summ           0%         N/A       100%        7
 Sublimation of Blood     Necr           Unusable   N/A       N/A         2
 Wereblood                Tmut           Unusable   N/A       N/A         2

Dungeon Overview and Level Annotations

Branches:
Dungeon (2/15)

Altars:

Annotations:
D:2 Natasha


Innate Abilities, Weirdness & Mutations

You are immune to poison.
Your flesh is cold resistant. (rC+)
You are immune to negative energy. (rN+++)
You are immune to unholy pain and torment.
You are vulnerable to heat. (rF-)
You are in touch with the powers of death.
You do not drink.
You have a special connection with the divine. (Faith)


Message History

You block the worm's attack.
You slash the worm!
You kill the worm!
Found 10 gold pieces.
Found a stone staircase leading down.
You see here a worm corpse.
Natasha, Servant of Life and Death comes into view.
Found a quarterstaff.
Natasha hisses angrily.
Health restored: 29 Natasha is nearby!
You hit Natasha.
Natasha is lightly wounded.
Natasha casts a spell at you. You resist with some effort. Natasha claws you!
You take 7 damage, and have 22/29 hp.
MASSIVE DAMAGE!!
You hit Natasha.
Natasha is moderately wounded.
Natasha claws you but does no damage.
You hit Natasha.
Natasha is heavily wounded.
Natasha claws you. x2
You take 8 damage, and have 14/29 hp.
MASSIVE DAMAGE!!
You barely miss Natasha.
Natasha is heavily wounded.
Natasha claws you but does no damage.
You hit Natasha.
Natasha is almost dead.
You block Natasha's attack.
You barely miss Natasha.
Natasha is almost dead.
Natasha stares at you and mumbles some strange words.
You feel yourself slow down. Natasha claws you.
You take 1 damage, and have 13/29 hp.
You closely miss Natasha.
Natasha is almost dead.
Natasha stares at you and mumbles some strange words.
The magic dart hits you.
* * * LOW HITPOINT WARNING * * *
Natasha claws you.
* * * LOW HITPOINT WARNING * * *
You take 6 damage, and have 7/29 hp.
MASSIVE DAMAGE!!
You closely miss Natasha.
Natasha is almost dead.
Natasha claws you but does no damage. x2
You closely miss Natasha.
Natasha is almost dead.
Natasha casts a spell at you. The magic dart hits you!
You die...
Natasha curls up and begins to purr.

#......... ##.#
#.......#. #.).
#...#..... ##...##
#.###..#.. ##.....#...
##.<.. ###........#
##.#. .....>....# #...
#.$......# #.#. #.@h...#
#.#. #.#...## #.#.
######.##.###########.#.
#....†.# .............#.
#.###### ##########....
#.# ##.#. #.# #####...
##.## #....... #...#
#.###...


You could see Natasha.

Vanquished Creatures
  A worm (D:2)
  A dart slug (D:1)
  3 ball pythons
  3 bats (D:2)
  6 endoplasms
  2 giant cockroaches (D:2)
  3 goblins
  2 hobgoblins
  2 jackals (D:1)
  3 kobolds
  A quokka (D:1)
  3 frilled lizards
  7 rats
37 creatures vanquished.

Notes
Turn   | Place    | Note
-------+----------+-------------------------------------------
     0 | D:1      | backslashecho the Mummy Fighter began the quest for the
                  | Orb.
     0 | D:1      | Reached XP level 1. HP: 18/18 MP: 1/1
   234 | D:1      | Reached XP level 2. HP: 24/24 MP: 2/2
   906 | D:2      | Reached XP level 3. HP: 29/29 MP: 3/3
  1171 | D:2      | Noticed Natasha
  1181 | D:2      | Killed from afar by Natasha

Illustrated notes

Levels and vault maps discovered:
D:1:      onia_arrival_mini_maze, layout_loops_ring, minmay_misc_feat_roman,
          chequers_serial_rivers_room_a
D:2:      minmay_spotlight, layout_loops_ring, uniq_natasha

Skill      XL: |  1 |
---------------+----+-----
Axes           | 2 |  2.5
Fighting       | |  3.4
Armour         | |  2.4
Shields        | |  2.7

Action                     || total
---------------------------++-------
  Melee: War axe           ||   125
 Armour: Scale mail        ||    93
  Dodge: Dodged            ||    50
  Block: Buckler           ||    33

Table legend: (Time is in decaauts)
 A = Elapsed time spent in this place.
 B = Non-inter-level travel time spent in this place.
 C = Inter-level travel time spent in this place.
 D = Time resting spent in this place.
 E = Time spent auto-exploring this place.
 F = Levels seen in this place.
 G = Mean time per level.
                   A        B        C        D        E       F      G
               +--------+--------+--------+--------+--------+-----+--------+
         Total |   1233 |   1125 |    108 |      0 |    794 |   2 |  616.5 |
       Dungeon |   1233 |   1125 |    108 |      0 |    794 |   2 |  616.5 |
               +--------+--------+--------+--------+--------+-----+--------+

Top non-repeatable levels by time:
     D:1: 926 daAuts
     D:2: 306 daAuts
